AoeStats
← Arnold Schwarzenegger

MegaRandom

509789656Analyzed
3v3 RM · 6d ago on Sep 28, 2026· 38m 7s· 6 players
Game mode
Random Map
Map size
Normal (6 player)
Population
200
Speed
Normal
Resources
Standard
Victory
Conquest
Starting age
Dark Age
Ending age
Imperial Age
RankedLock teamsTeams togetherTeam positionsShared explorationLock speedFull tech treeHidden civsTurbo modeCheats
Victory
Defeat
🇺🇸 Portuguese · United States
840
+16
🇺🇸 Vietnamese · United States
814
+17
🇺🇸 Burgundians · United States
805
+17
🇲🇽 Romans · Mexico
945
-63
🇲🇽 Saxons · Mexico
785
-35
🇲🇽 Varangians · Mexico
785
-35
alberttoely.vaz
8:57 Loom
11:20 Feudal Age
11:36 Man-at-Arms
14:23 Double-Bit Axe
17:25 Wheelbarrow
17:25 Bloodlines
19:14 Scale Barding Armor
19:19 Horse Collar
20:17 Forging
22:48 Fletching
XxMasterxX
0:37 Loom
9:07 Horse Collar
12:49 Feudal Age
12:03 Double-Bit Axe
12:12 Gold Mining
12:22 Stone Mining
13:38 Heavy Plow
17:47 Stone Shaft Mining
21:16 Castle Age
20:15 Gold Shaft Mining
20:44 Fletching
20:57 Padded Archer Armor
20:58 Scale Mail Armor
21:09 Town Watch
22:43 Bodkin Arrow
23:00 Forging
28:38 Wheelbarrow
29:09 Scale Barding Armor
31:17 Husbandry
33:18 Iron Casting
33:09 Leather Archer Armor
34:46 Bow Saw
39:09 Imperial Age
Hazardus Chemikals
7:26 Loom
10:28 Feudal Age
11:13 Double-Bit Axe
12:08 Horse Collar
13:58 Bloodlines
24:42 Castle Age
24:21 Wheelbarrow
23:42 Gold Mining
24:47 Crossbowman
25:33 Thumb Ring
24:52 Light Cavalry
25:47 Fletching
28:13 Town Watch
28:43 Hand Cart
27:50 Pikeman
31:30 Husbandry
31:36 Heavy Plow
31:50 Bow Saw
31:41 Stone Mining
32:02 Herbal Medicine
34:43 Town Patrol
40:56 Imperial Age
Terry Crews
12:31 Feudal Age
14:22 Loom
21:42 Forging
27:00 Scale Barding Armor
Arnold Schwarzenegger
9:48 Feudal Age
17:14 Loom
20:32 Double-Bit Axe
22:27 Man-at-Arms
27:27 Castle Age
26:01 Scale Mail Armor
31:04 Long Swordsman
32:05 Chain Mail Armor
LegolasJr
10:52 Feudal Age
12:26 Wheelbarrow
12:40 Gold Mining
12:52 Double-Bit Axe
16:50 Loom
27:29 Castle Age
27:41 Elite Skirmisher
Connection lost

Rejoining the realm…

Still unreachable

The connection could not be restored.

Session expired

The server has moved on; the page needs a fresh start.